 Dungeon Crawl Stone Soup version 0.21.1-1-g345015f (webtiles) character file.

14477 diana the Basher (level 12, 0/83 HPs)
             Began as a Formicid Fighter on June 13, 2018.
             Was a High Priest of Cheibriados.
             Slain by a large slime creature (28 damage)
             ... on level 12 of the Dungeon.
             The game lasted 00:28:44 (13883 turns).

diana the Basher (Formicid Fighter)                Turns: 13883, Time: 00:28:45

Health: 0/83       AC: 14    Str: 39    XL:     12   Next: 45%
Magic:  13/18      EV:  8    Int: 26    God:    Cheibriados [*****.]
Gold:   720        SH: 23    Dex: 24    Spells: 11/11 levels left

rFire    . . .     SeeInvis +   w - +4 mace (holy)
rCold    . . .     Gourm    +   h - +0 large shield
rNeg     . . .     Faith    .   O - +1 chain mail {rPois}
rPois    +         Spirit   .   (helmet unavailable)
rElec    .         Reflect  .   (no cloak)
rCorr    .         Harm     .   (no gloves)
MR       +....                  i - +2 pair of boots
Stlth    ..........             a - amulet of the gourmand
HPRegen  0.23/turn              n - +1 ring of protection
MPRegen  0.16/turn              c - +3 ring of intelligence

@: very slow
A: permanent stasis, dig shafts and tunnels, four strong arms, antennae 3
a: Dig, Shaft Self, Bend Time, Temporal Distortion, Slouch, Step From Time,
Renounce Religion


You were on level 12 of the Dungeon.
You worshipped Cheibriados.
Cheibriados was extremely pleased with you.
You were very full.

You visited 2 branches of the dungeon, and saw 13 of its levels.

You collected 720 gold pieces.

Inventory:

Hand Weapons
 w - a +4 mace of holy wrath (weapon)
Missiles
 K - 4 throwing nets (quivered)
Armour
 g - a +0 chain mail
 h - a +0 large shield (worn)
 i - a +2 pair of boots (worn)
 O - a +1 chain mail of poison resistance (worn)
Jewellery
 a - an amulet of the gourmand (around neck)
 c - a +3 ring of intelligence (right hand)
 n - a +1 ring of protection (left hand)
 B - an uncursed ring of ice
 C - an uncursed ring of fire
 F - an uncursed ring of ice
 N - an uncursed ring of poison resistance {unknown}
Wands
 y - a wand of paralysis (13)
 A - a wand of flame (66)
 H - a wand of enslavement (15)
 M - a wand of scattershot (4)
Scrolls
 b - 2 scrolls of identify
 d - 2 scrolls of random uselessness
 e - a scroll of enchant armour {unknown}
 j - 5 scrolls of remove curse
 l - 6 scrolls of blinking
 m - 3 scrolls of magic mapping
 p - a scroll of immolation {unknown}
 q - 3 scrolls of teleportation {unknown}
 r - 2 scrolls of fear {unknown}
 u - a scroll of amnesia {unknown}
 x - 2 scrolls of noise {unknown}
 z - 2 scrolls of fog {unknown}
Potions
 k - 4 potions of flight
 o - a potion of agility
 t - 2 potions of brilliance
 v - a potion of heal wounds
 E - a potion of lignification
 G - a potion of curing
 I - 2 potions of mutation {unknown}
Books
 s - a book of Cantrips

   Spells                             Type                      Level
   a - Confusing Touch                Hexes                        1
   b - Animate Skeleton               Necromancy                   1
   c - Summon Small Mammal            Summoning                    1
   d - Apportation                    Translocation                1
 D - a book of Geomancy

   Spells                             Type                      Level
   a - Sandblast                      Earth                        1
   b - Passwall                       Transmutation/Earth          2
   c - Stone Arrow                    Conjuration/Earth            3
   d - Petrify                        Transmutation/Earth          4
   e - Lee's Rapid Deconstruction     Earth                        5
 J - a book of Air

   Spells                             Type                      Level
   a - Shock                          Conjuration/Air              1
   b - Swiftness                      Charms/Air                   2
   c - Static Discharge               Conjuration/Air              3
   d - Airstrike                      Air                          4
   e - Lightning Bolt                 Conjuration/Air              5
 L - a book of Changes

   Spells                             Type                      Level
   a - Beastly Appendage              Transmutation                1
   b - Sticks to Snakes               Transmutation                2
   c - Spider Form                    Transmutation/Poison         3
   d - Ice Form                       Ice/Transmutation            4
   e - Blade Hands                    Transmutation                5
Comestibles
 f - 31 rations


   Skills:
 - Level 4.2 Fighting
 - Level 14.3 Maces & Flails
 - Level 4.2 Armour
 + Level 12.1 Shields
 + Level 8.3 Invocations


You had 11 spell levels left.
You didn't know any spells.

Dungeon Overview and Level Annotations

Branches:
Dungeon (12/15)            Temple (1/1) D:6             Orc (0/2) D:9
   Lair: D:8-11

Altars:
Ashenzari
Cheibriados
Dithmenos
Elyvilon
Fedhas
Gozag
Kikubaaqudgha
Nemelex Xobeh
Okawaru
Qazlal
Ru
Trog
Uskayaw
Vehumet
Wu Jian
Xom
Yredelemnul
Zin
The Shining One
Jiyva

Shops:
D:5 !   D:7 }!*?[

Annotations:
D:2 1 runed door
D:11 4 runed doors


Innate Abilities, Weirdness & Mutations

You cannot be hasted, slowed, berserked, paralysed or teleported.
You can dig through walls and to a lower floor.
Your four strong arms can wield two-handed weapons with a shield.
You have a pair of large antennae on your head. (SInv)


Message History

The slime creature is lightly wounded.
You block the large slime creature's attack.
You block the slime creature's attack.
The slime creature hits you but does no damage.
You sock the slime creature!
The slime creature is moderately wounded.
The large slime creature hits you!
You bludgeon the slime creature!!
The slime creature is severely wounded.
You block the slime creature's attack. x2
You sock the slime creature!
The slime creature is severely wounded.
The large slime creature hits you!! You block the slime creature's attack.
The slime creature hits you.
You are too injured to fight recklessly!
You can feel time thicken for a moment.
You kill the slime creature!
Cheibriados thoroughly appreciates the change of pace.
You feel somewhat less full. The large slime creature hits you!!
You die...

#.#......)..######.........
#.......))..# #.........
###.........# #......... #
#####.##### #......... #..#
#######.## ####.##
####....#
#.....#######....... #
#.#.#.......#J...... ..
#.#.#####.@....... ## #.#.#
###J...... .# #.#.# .>.....
...{ #.#.# ....... ###
.>#.# ....... ### .......
#######


You could see a large slime creature and a slime creature.

Vanquished Creatures
  Harold (D:11)
  Erica (D:8)
  3 two-headed ogres
  An unseen horror (D:10)
  Pikel (D:5)
  An ugly thing (D:12)
  The ghost of olivier the Shield-Bearer, a novice GnFi of Xom (D:4)
  A gargoyle (D:6)
  2 trolls
  A harpy skeleton (D:12)
  Sigmund (D:5)
  2 hippogriffs
  3 slime creatures
  A shadow (D:11)
  3 hungry ghosts
  A two-headed ogre zombie (D:9)
  A water moccasin (D:11)
  A soldier ant (D:10)
  Duvessa (D:4)
  5 orc warriors
  A black bear (D:6)
  4 ice beasts
  2 sky beasts
  2 slaves
  An eye of draining (D:8)
  2 phantoms (D:9)
  6 ogres
  4 centaurs
  2 wolves (D:8)
  Blork the orc (D:5)
  3 big kobolds
  12 bullfrogs
  Dowan (D:4)
  A wyvern skeleton (D:11)
  4 scorpions
  3 troll zombies (D:9)
  11 killer bees
  4 howler monkeys
  5 crimson imps
  A bullfrog zombie (D:5)
  2 centaur zombies
  10 hounds
  5 orc priests
  A quasit (D:9)
  2 centaur skeletons
  5 jellies
  13 orc wizards
  5 iguanas
  2 bullfrog skeletons
  Natasha (thrice) (D:2)
  13 worker ants
  A killer bee zombie (D:7)
  4 ogre zombies (D:9)
  2 hound skeletons
  A hound zombie (D:10)
  A howler monkey zombie (D:7)
  2 worker ant zombies
  12 adders
  2 shadow imps
  3 oozes
  An adder skeleton (D:5)
  An adder zombie (D:7)
  A worm (D:4)
  A dart slug (D:1)
  4 leopard geckos
  26 orcs
  3 ball pythons
  5 bats
  6 giant cockroaches
  6 goblins
  8 hobgoblins
  12 jackals
  17 kobolds
  7 quokkas
  5 frilled lizards
  2 goblin skeletons (D:9)
  5 goblin zombies (D:9)
  A hobgoblin skeleton (D:9)
  4 hobgoblin zombies (D:9)
  A jackal skeleton (D:5)
  A leopard gecko skeleton (D:4)
  2 orc skeletons (D:9)
  11 orc zombies (D:9)
  3 quokka skeletons
  7 rats
  A plant (D:8)
332 creatures vanquished.

Vanquished Creatures (others)
  A hound (D:6)
1 creature vanquished.

Grand Total: 333 creatures vanquished

Notes
Turn   | Place    | Note
-------+----------+-------------------------------------------
     0 | D:1      | diana the Formicid Fighter began the quest for the Orb.
     0 | D:1      | Reached XP level 1. HP: 18/18 MP: 1/1
    78 | D:1      | Reached XP level 2. HP: 22/24 MP: 2/2
   421 | D:1      | Reached XP level 3. HP: 29/29 MP: 3/3
   794 | D:2      | Noticed Natasha
   801 | D:2      | Killed Natasha
   801 | D:2      | Reached XP level 4. HP: 18/37 MP: 4/4
  1471 | D:2      | Found a glowing golden altar of the Shining One.
  1737 | D:2      | Noticed Natasha
  1748 | D:2      | Killed Natasha
  1748 | D:2      | Reached skill level 3 in Maces & Flails
  1784 | D:2      | Noticed Natasha
  1788 | D:2      | Killed Natasha
  1788 | D:2      | Reached XP level 5. HP: 33/42 MP: 5/5
  1855 | D:2      | Found a runed door.
  3143 | D:4      | Reached XP level 6. HP: 47/48 MP: 6/6
  3174 | D:4      | Noticed an ogre
  3186 | D:4      | Killed an ogre
  3186 | D:4      | Reached skill level 4 in Maces & Flails
  3334 | D:4      | Noticed an ogre
  3343 | D:4      | Killed an ogre
  3343 | D:4      | Reached skill level 5 in Maces & Flails
  3343 | D:4      | Reached XP level 7. HP: 46/54 MP: 7/7
  3395 | D:4      | Noticed Duvessa
  3409 | D:4      | Killed Duvessa
  3409 | D:4      | Reached skill level 6 in Maces & Flails
  3425 | D:4      | Noticed Dowan
  3467 | D:4      | Killed Dowan
  3801 | D:4      | Reached skill level 7 in Maces & Flails
  3813 | D:4      | Reached XP level 8. HP: 43/60 MP: 8/8
  4082 | D:4      | Noticed olivier's ghost (novice GnFi)
  4095 | D:4      | Killed olivier's ghost
  4095 | D:4      | Reached skill level 8 in Maces & Flails
  4303 | D:5      | Entered Level 5 of the Dungeon
  4315 | D:5      | Noticed Blork the orc
  4315 | D:5      | Noticed Sigmund
  4330 | D:5      | Killed Blork the orc
  4337 | D:5      | Killed Sigmund
  4337 | D:5      | Reached skill level 9 in Maces & Flails
  4702 | D:5      | Reached XP level 9. HP: 56/65 MP: 9/9
  4881 | D:5      | Found Detusu's Distillery.
  4889 | D:5      | Reached skill level 10 in Maces & Flails
  5296 | D:6      | Noticed Pikel
  5453 | D:5      | Killed Pikel
  5453 | D:5      | Reached skill level 11 in Maces & Flails
  6128 | D:6      | Noticed a gargoyle
  6153 | D:6      | Killed a gargoyle
  6153 | D:6      | Reached skill level 12 in Maces & Flails
  6153 | D:6      | Reached XP level 10. HP: 25/72 MP: 10/10
  6379 | D:6      | Found a staircase to the Ecumenical Temple.
  6565 | Temple   | Entered the Ecumenical Temple
  6605 | Temple   | Became a worshipper of Cheibriados the Contemplative
  6702 | D:7      | Found a stormy altar of Qazlal.
  6867 | D:7      | Found Polir's Distillery.
  6898 | D:7      | Found Mobuq's Assorted Antiques.
  6984 | D:7      | Found Tyijusaj's Gadget Shoppe.
  7221 | D:7      | Found Hagre's Antique Armour Shop.
  7397 | D:7      | Reached * piety under Cheibriados
  7397 | D:7      | Reached skill level 13 in Maces & Flails
  7863 | D:7      | Found Jidurch's Magic Scroll Emporium.
  8628 | D:8      | Noticed a two-headed ogre
  8645 | D:8      | Killed a two-headed ogre
  9113 | D:8      | Noticed Erica
  9134 | D:8      | Killed Erica
  9134 | D:8      | Reached skill level 14 in Maces & Flails
  9152 | D:8      | Reached skill level 5 in Shields
  9152 | D:8      | Reached XP level 11. HP: 67/77 MP: 11/11
  9162 | D:8      | Reached ** piety under Cheibriados
  9746 | D:8      | Reached *** piety under Cheibriados
 10772 | D:9      | Found a staircase to the Orcish Mines.
 10792 | D:9      | Reached **** piety under Cheibriados
 11027 | D:9      | Noticed a two-headed ogre
 11044 | D:9      | Killed a two-headed ogre
 11580 | D:10     | Entered Level 10 of the Dungeon
 11780 | D:10     | Noticed a two-headed ogre
 11789 | D:10     | Killed a two-headed ogre
 11789 | D:10     | Reached skill level 10 in Shields
 12063 | D:10     | Noticed an unseen horror
 12082 | D:10     | Killed an unseen horror
 12082 | D:10     | Reached skill level 5 in Invocations
 12327 | D:11     | Reached ***** piety under Cheibriados
 12400 | D:11     | Found a large runed door.
 12400 | D:11     | Found a large runed door.
 12410 | D:11     | Found a large runed door.
 12410 | D:11     | Found a large runed door.
 12431 | D:11     | Noticed Harold
 12449 | D:11     | Killed Harold
 12449 | D:11     | Reached XP level 12. HP: 66/83 MP: 16/16
 13611 | D:12     | Found a viscous altar of Jiyva.
 13883 | D:12     | Slain by a large slime creature

Skill      XL: |  1  2  3  4  5  6  7  8  9 10 11 12 |
---------------+-------------------------------------+-----
Shields        | 4 5 10 12 | 12.1
Maces & Flails | 3 5 7 9 12 14 | 14.3
Fighting       | 4 |  4.2
Armour         | 4 |  4.2
Invocations    | 6 8 |  8.3

Action                   |  1- 3 |  4- 6 |  7- 9 | 10-12 || total
-------------------------+-------+-------+-------+-------++-------
Melee: Flail             |    90 |    37 |       |       ||   127
       Whip              |       |   106 |       |       ||   106
       Mace              |       |    12 |   268 |   834 ||  1114
Invok: Slouch            |       |       |       |     1 ||     1
 Abil: Dig               |       |       |       |     3 ||     3
  Use: Potion            |     1 |     6 |     1 |     5 ||    13
       Scroll            |       |       |     3 |     8 ||    11
 Stab: Confused          |       |       |     3 |       ||     3
       Invisible         |       |       |       |     2 ||     2
  Eat: Chunk             |       |     4 |    14 |    19 ||    37
       Ration            |       |     1 |       |     1 ||     2
Armor: Scale mail        |    52 |    33 |    76 |    99 ||   260
       Chain mail        |       |       |       |    48 ||    48
Dodge: Dodged            |    32 |    31 |    42 |    96 ||   201
Block: Shield            |    20 |       |       |       ||    20
       Large shield      |    65 |    94 |   205 |   600 ||   964
